 Dungeon Crawl Stone Soup version 0.24-a0-584-g9d6b971ae4 (webtiles) character file.

Game seed: 15993889959398240515, levelgen mode: deterministic

65 Mithandil the Skirmisher (level 3, 0/29 HPs)
             Began as a Demonspawn Abyssal Knight on Sept 4, 2019.
             Was a Follower of Lugonu.
             Slain by a worm (3 damage)
             ... on level 2 of the Dungeon.
             The game lasted 00:06:19 (1092 turns).

Mithandil the Skirmisher (DsAK)                     Turns: 1092, Time: 00:06:20

Health: 0/29       AC: 10    Str: 13    XL:     3   Next: 94%
Magic:  5/5        EV:  6    Int: 13    God:    Lugonu [*.....]
Gold:   135        SH:  0    Dex: 12    Spells: 2/2 levels left

rFire    . . .     SeeInvis .   a - +2 falchion
rCold    . . .     Gourm    .   (no shield)
rNeg     . . .     Faith    .   e - +0 chain mail
rPois    .         Spirit   .   (no helmet)
rElec    .         Reflect  .   (no cloak)
rCorr    .         Harm     .   (no gloves)
MR       .....                  (no boots)
Stlth    ..........             (no amulet)
HPRegen  0.09/turn              (no ring)
MPRegen  0.09/turn              (no ring)

@: no status effects
A: iridescent scales 1
a: Depart the Abyss, Renounce Religion


You were on level 2 of the Dungeon.
You worshipped Lugonu.
Lugonu was aware of your devotion.
You were hungry.

You visited 1 branch of the dungeon, and saw 4 of its levels.
You visited the Abyss 1 time.

You collected 135 gold pieces.

Inventory:

Hand Weapons
 a - a +2 falchion (weapon)
 h - a +0 hunting sling
Missiles
 d - 72 stones (quivered)
Armour
 e - a +0 chain mail (worn)
Scrolls
 b - 2 scrolls of remove curse
 g - a scroll of identify
 i - a scroll of fear {unknown}
 j - a scroll of amnesia {unknown}
Comestibles
 c - 3 rations


   Skills:
 + Level 3.3 Fighting
 * Level 2.4 Long Blades
 + Level 2.1 Armour
 + Level 1.4 Dodging
 + Level 0.8 Stealth
 + Level 0.8 Unarmed Combat
 + Level 2.9 Invocations


You had 2 spell levels left.
You didn't know any spells.
Your spell library was empty.

Dungeon Overview and Level Annotations

Branches:
Dungeon (4/15)
 Temple: D:4-7

Altars:


Innate Abilities, Weirdness & Mutations

You are partially covered in iridescent scales. (AC +2)


Message History

You kill Natasha!
Lugonu accepts your kill.
Natasha screams in fury as she dies!
The iron imp disappears in a puff of smoke!
The crimson imp disappears in a puff of smoke! x2
You hit the worm.
The worm is moderately wounded.
The worm bites you but does no damage.
You hit the worm.
The worm is heavily wounded.
You hit the worm.
The worm is severely wounded.
The worm bites you but does no damage.
You slash the worm!
You kill the worm!
Lugonu accepts your kill.
You hit the worm.
The worm is lightly wounded.
The worm bites you.
You die...

### .# ... .# #.###
.# #...#######.#
#########.......5.#
#.................#
#..............##.#
#..###########w#
... #..# #@# w....
#..# #.# ......#
#..# ..# #.#
......# #..# ...#
#.# ......#
#..####....# #.#
......#
#..........###.#
##...........#.#
####..###....# #.#
......#......#


You could see a worm.

Vanquished Creatures
  Natasha (D:2)
  An ooze (D:2)
  A worm (D:2)
  A dart slug (D:2)
  2 leopard geckos (D:1)
  An orc (D:4)
  2 giant cockroaches (D:1)
  2 hobgoblins
  4 jackals (D:1)
  3 kobolds (D:1)
  2 bats (D:1)
  A frilled lizard (D:1)
  3 goblins (D:1)
  5 rats
29 creatures vanquished.

Notes
Turn   | Place    | Note
-------+----------+-------------------------------------------
     0 | Abyss:1  | Mithandil the Demonspawn Abyssal Knight began the quest for
                  | the Orb.
     0 | Abyss:1  | Reached XP level 1. HP: 18/18 MP: 2/2
     6 | Abyss:1  | Noticed a quasit
     7 | D:1      | Escaped the Abyss
    90 | D:1      | Reached * piety under Lugonu
    91 | D:1      | Reached skill level 1 in Dodging
   160 | D:4      | Gained mutation: You are partially covered in iridescent
                  | scales. (AC +2) [demonic ancestry]
   160 | D:4      | Reached XP level 2. HP: 19/24 MP: 3/3
   650 | D:1      | Reached XP level 3. HP: 29/29 MP: 5/5
  1064 | D:2      | Noticed Natasha
  1086 | D:2      | Killed Natasha
  1092 | D:2      | Slain by a worm

Levels and vault maps discovered:
D:1:      minmay_arrival_shattered_statue, layout_loops_ring
D:2:      layout_basic, first_ration, chequers_serial_rivers_micro_d,
          minmay_puff, uniq_natasha
D:3:      layout_basic, gammafunk_ghost_icy, minmay_divided_ellipse,
          uniq_sigmund
D:4:      layout_gridville, lemuel_crystal_altar, temple_statues

Skill      XL: |  1  2 |
---------------+-------+-----
Dodging        | 1 |  1.4
Long Blades    | 2 |  2.4
Armour         | 2 |  2.1
Fighting       | |  3.3
Stealth        | |  0.8
Unarmed Combat | |  0.8
Invocations    | |  2.9

Action                   || total
-------------------------++-------
Melee: Falchion          ||   106
Invok: Depart the Abyss  ||     1
  Use: Scroll            ||     3
       Potion            ||     1
 Stab: Sleeping          ||     1
Armor: Leather armour    ||     2
       Chain mail        ||    61
Dodge: Dodged            ||    38
       Rpst.: Falchion   ||    13

Table legend:
 A = Non-vault XP
 B = Vault XP
 C = Vault XP percentage of total XP
 D = Non-vault monster count
 E = Vault monster count
 F = Vault count percentage of total count
                 A         B        C        D         E       F
            +---------+---------+-------+---------+---------+-------
      Total |      58 |      36 |  38.3 |      28 |       1 |   3.4
            +---------+---------+-------+---------+---------+-------
        D:1 |      36 |       0 |   0.0 |      22 |       0 |   0.0
        D:2 |      19 |      36 |  65.5 |       5 |       1 |  16.7
        D:4 |       3 |       0 |   0.0 |       1 |       0 |   0.0
            +---------+---------+-------+---------+---------+-------
